 Dungeon Crawl Stone Soup version 0.31.0-9-g3a7656b989 (webtiles) character file.

Game seed: 12971569145836740284

2230 nightchill the Spear-Bearer (level 9, -4/124 HPs)
             Began as a Minotaur Fighter on Jan 24, 2024.
             Was an Initiate of Elyvilon.
             Slain by a yak (11 damage)
             ... on level 8 of the Dungeon.
             The game lasted 00:11:09 (5884 turns).

nightchill the Spear-Bearer (Minotaur Fighter)      Turns: 5884, Time: 00:11:10

Health: -4/124     AC: 24    Str: 28 (31) XL:     9   Next: 14%
Magic:  8/8        EV:  2    Int:  4 (5)  God:    Elyvilon [......]
Gold:   398        SH:  0    Dex:  7 (10) Spells: 8/8 levels left

rFire   . . .        i - +0 bardiche
rCold   . . .        (shield currently unavailable)
rNeg    . . .        g - melded +0 chain mail
rPois   +            (helmet currently unavailable)
rElec   .            m - melded +1 cloak
rCorr   .            y - melded +0 pair of gloves
SInv    .            v - melded +0 pair of boots
Will    .....        (no amulet)
Stlth   +            s - +6 ring of strength
HPRegen 0.40/turn    (no ring)
MPRegen 0.11/turn

%: no passive effects
@: mighty, brilliant, tree-form, mesmerised, invisible
A: stationary, stasis, torment immunity, boosted hp, (horns 2), (retaliatory
headbutt), (iridescent scales 1), (shaggy fur 1)
a: Renounce Religion


You were on level 8 of the Dungeon.
You worshipped Elyvilon.
Elyvilon was noncommittal.
You were a tree.
You visited 2 branches of the dungeon, and saw 9 of its levels.

You collected 398 gold pieces.

Inventory:

Hand Weapons
 a - a +0 war axe
 i - a +0 bardiche (weapon)
 F - a +2 heavy trident
Missiles
 d - a throwing net (quivered)
Armour
 b - a +0 scale mail
 c - a +0 buckler
 g - a +0 chain mail (melded)
 m - a +1 cloak (melded)
 v - a +0 pair of boots (melded)
 y - a +0 pair of gloves (melded)
Jewellery
 s - a +6 ring of strength (left branch)
Wands
 w - a wand of light (2)
 A - a wand of roots (12)
Scrolls
 f - 6 scrolls of identify {unknown}
 h - 6 scrolls of teleportation {unknown}
 k - a scroll of summoning {unknown}
 n - a scroll of amnesia {unknown}
 p - a scroll of immolation {unknown}
 r - 2 scrolls of enchant weapon {unknown}
 u - a scroll of fog {unknown}
 B - a scroll of blinking {unknown}
 C - a scroll of vulnerability {unknown}
 E - a scroll of noise {unknown}
Potions
 e - 2 potions of lignification
 j - 7 potions of curing
 o - a potion of ambrosia
 q - 2 potions of mutation
 D - a potion of might


   Skills:
 + Level 9.2 Fighting
 - Level 3.2(8.0) Axes
 * Level 11.5(11.7) Polearms
 - Level 3.6 Armour
 - Level 3.6 Shields


You had 8 spell levels left.
You didn't know any spells.
Your spell library contained the following spells:

 Spells                   Type           Power      Damage    Failure   Level
 Apportation              Tloc           0%         N/A       50%         1
 Cigotuvi's Dreadful Rot  Necr/Alch/Air  0%         N/A       65%         2
 Ensorcelled Hibernation  Hex/Ice        0%         N/A       65%         2
 Jinxbite                 Hex            0%         N/A       65%         2
 Frozen Ramparts          Ice            0%         1d1       86%         3
 Passwall                 Erth           0%         N/A       86%         3
 Summon Ice Beast         Ice/Summ       0%         N/A       86%         3
 Swiftness                Air            0%         N/A       86%         3
 Animate Armour           Summ/Erth      0%         N/A       99%         4
 Dispel Undead            Necr           0%         3d6       99%         4
 Leda's Liquefaction      Alch/Erth      0%         N/A       99%         4
 Martyr's Knell           Necr/Summ      0%         N/A       99%         4
 Olgreb's Toxic Radiance  Alch           0%         N/A       99%         4
 Petrify                  Alch/Erth      0%         N/A       99%         4
 Summon Lightning Spire   Summ/Air       0%         N/A       99%         4
 Alistair's Intoxication  Alch           0%         N/A       100%        5
 Lee's Rapid Deconstruct  Erth           0%         3d4*      100%        5
 Metabolic Englaciation   Hex/Ice        0%         N/A       100%        5
 Summon Mana Viper        Hex/Summ       0%         N/A       100%        5
 Death Channel            Necr           0%         N/A       100%        6
 Haunt                    Necr/Summ      0%         N/A       100%        7
 Monstrous Menagerie      Summ           0%         N/A       100%        7
 Ozocubu's Refrigeration  Ice            0%         4d7       100%        7
 Borgnjor's Revivificati  Necr           0%         N/A       100%        8
 Discord                  Hex            0%         N/A       100%        8
 Death's Door             Necr           0%         N/A       100%        9


Dungeon Overview and Level Annotations

Branches:
Dungeon (8/15)             Temple (1/1) D:7
   Lair: D:8-11

Altars:
Ashenzari
Cheibriados
Dithmenos
Elyvilon
Fedhas
Gozag
Kikubaaqudgha
Makhleb
Nemelex Xobeh
Okawaru
Qazlal
Ru
Sif Muna
Trog
Vehumet
Wu Jian
Xom
Yredelemnul
Zin
The Shining One

Shops:
D:1 *

Annotations:
D:6 exclusion: downstairs
D:8 Maggie


Innate Abilities, Weirdness & Mutations

You are a tree.
Your roots penetrate the ground, keeping you stationary.
You cannot be teleported.
You are immune to unholy pain and torment.
Your maximum health is greatly increased.
Your equipment is partially melded.
((You have a pair of horns on your head.))
((You reflexively headbutt those who attack you in melee.))
((You are partially covered in iridescent scales. (AC +2)))
((You are covered in fur. (AC +1)))


Message History

Maggie hits you from afar with a +2 glaive of distortion.
* * * LOW HITPOINT WARNING * * *
Space warps around you.
* * * LOW HITPOINT WARNING * * *
The yak gores you but does no damage. x2
You feel much better. The yak gores you but does no damage.
The yak barely misses you. The yak gores you but does no damage.
Maggie hits you but does no damage. Space warps around you.
* * * LOW HITPOINT WARNING * * *
The yak gores you.
* * * LOW HITPOINT WARNING * * *
The yak gores you but does no damage.
Unknown command.
You feel much better. The yak gores you but does no damage.
The yak barely misses you. The yak gores you.
* * * LOW HITPOINT WARNING * * *
Maggie hits you but does no damage. The yak gores you.
* * * LOW HITPOINT WARNING * * *
The yak gores you but does no damage.
You feel very mighty all of a sudden. The yak gores you.
* * * LOW HITPOINT WARNING * * *
The yak barely misses you. The yak gores you but does no damage.
Maggie hits you but does no damage. Space warps around you.
* * * LOW HITPOINT WARNING * * *
The yak gores you but does no damage. The yak gores you!
* * * LOW HITPOINT WARNING * * *
You hit the yak.
The yak is lightly wounded.
The yak gores you.
* * * LOW HITPOINT WARNING * * *
The yak gores you but does no damage. Maggie hits you but does no damage.
The yak gores you.
* * * LOW HITPOINT WARNING * * *
The yak gores you.
* * * LOW HITPOINT WARNING * * *
The yak gores you.
* * * LOW HITPOINT WARNING * * *
The yak gores you!
You die...

...............
...............
...............
#..............
#....<........!##
#...............##
#.....YY.........##
#....♣Y..........#
#.....Y.....!....
##....Y@.......#
##............#
###..........#
##.8.......#
#.........#
##...#...##
######..#


You could see Maggie (mesmerising, unable to see you) and 5 yaks.

Vanquished Creatures
  A wyvern (D:8)
  An ice beast (D:7)
  2 orc warriors
  2 sky beasts (D:6)
  2 centaurs (D:7)
  3 phantoms (D:5)
  Blork the orc (D:4)
  2 bullfrogs
  3 scorpions
  A gnoll sergeant (D:7)
  A howler monkey (D:7)
  2 hounds (D:6)
  A gnoll bouda (D:6)
  3 orc priests
  4 jellies
  Ijyb (D:5)
  6 iguanas
  3 orc wizards
  3 gnolls (D:6)
  8 adders
  4 shadow imps
  2 dart slugs
  2 ribbon worms
  13 orcs
  A ball python (D:4)
  6 bats
  5 endoplasms
  6 goblins
  11 hobgoblins
  5 jackals
  4 kobolds
  A quokka (D:2)
  4 frilled lizards
  A rat (D:2)
115 creatures vanquished.

Notes
Turn   | Place    | Note
-------+----------+-------------------------------------------
     0 | D:1      | nightchill the Minotaur Fighter began the quest for the
                  | Orb.
     0 | D:1      | Reached XP level 1. HP: 19/19 MP: 0/0
    46 | D:1      | Found Keecekh's General Store.
   197 | D:1      | Reached XP level 2. HP: 27/27 MP: 1/1
   728 | D:2      | Reached skill level 1 in Polearms
   761 | D:2      | Reached skill level 2 in Polearms
   761 | D:2      | Reached XP level 3. HP: 34/34 MP: 2/2
   898 | D:2      | Reached XP level 4. HP: 35/41 MP: 3/3
  1007 | D:2      | Reached skill level 3 in Polearms
  1225 | D:2      | Found a broken altar of Ashenzari.
  1619 | D:3      | Identified the +1 mace of Harmony {freeze, Str+3}
  2069 | D:3      | Found a faded altar of an unknown god.
  2431 | D:4      | Noticed Blork the orc
  2437 | D:4      | Killed Blork the orc
  2438 | D:4      | Reached skill level 5 in Fighting
  2438 | D:4      | Reached skill level 4 in Polearms
  2438 | D:4      | Reached XP level 5. HP: 45/48 MP: 4/4
  2540 | D:4      | Reached skill level 5 in Polearms
  2559 | D:4      | Reached XP level 6. HP: 30/56 MP: 5/5
  3124 | D:5      | Entered Level 5 of the Dungeon
  3128 | D:5      | Reached skill level 6 in Polearms
  3298 | D:5      | Noticed Ijyb
  3305 | D:5      | Killed Ijyb
  3400 | D:5      | Reached XP level 7. HP: 63/63 MP: 6/6
  3438 | D:5      | Reached skill level 7 in Polearms
  3515 | D:5      | Identified the +1 ring mail of the Original Sin {*Slow
                  | Str+7}
  3717 | D:5      | Reached skill level 8 in Polearms
  3940 | D:6      | Found a radiant altar of Vehumet.
  4074 | D:6      | Reached XP level 8. HP: 67/73 MP: 7/7
  4126 | D:6      | Found a sacrificial altar of Ru.
  4135 | D:6      | Reached skill level 9 in Polearms
  4673 | D:7      | Reached skill level 10 in Polearms
  5060 | D:7      | Reached skill level 11 in Polearms
  5127 | D:7      | Reached XP level 9. HP: 83/83 MP: 8/8
  5137 | D:7      | Found an ornate altar of the Wu Jian Council.
  5143 | D:7      | Found a shimmering altar of Xom.
  5162 | D:7      | Identified the +1 halberd of Xoust {heavy, *Noise rC++
                  | rCorr Stlth+}
  5378 | D:7      | Found a staircase to the Ecumenical Temple.
  5473 | Temple   | Entered the Ecumenical Temple
  5493 | Temple   | Became a worshipper of Elyvilon the Healer
  5857 | D:8      | Noticed Maggie
  5873 | D:8      | Gained mutation: You are partially covered in iridescent
                  | scales. (AC +2) [potion of mutation]
  5873 | D:8      | Gained mutation: You are covered in fur. (AC +1) [potion of
                  | mutation]
  5884 | D:8      | Slain by a yak

Illustrated notes

Levels and vault maps discovered:
D:1:      heliophobic_arrival_henge, layout_basic, serial_shops, shop,
          serial_bayou, serial_bayou_pond_e, serial_bayou_lake_a,
          serial_bayou_shore_a, serial_bayou_lagoon_a
D:2:      layout_basic, basic_altar, minmay_octomino_j4
D:3:      layout_basic, chequers_ecumenical_altar_simple_redux
D:4:      layout_loops_cross, serial_bayou_pond_c, uniq_blork_the_orc
D:5:      layout_basic, uniq_ijyb
D:6:      layout_cave_pools, nicolae_vehumet_altar_sigil,
          nicolae_ru_great_annihilating_truth, chequers_decorated_corner
D:7:      layout_loops_ring, mainiacjoe_overflow_big_doors,
          minmay_temple_entry_poolview, enter_bailey_2, minmay_fractal_squares_5
D:8:      layout_cave_pods, serial_column_ruins, column_ruins_circle_small,
          column_ruins_grid_1, column_ruins_open_tiny, column_ruins_open_small,
          column_ruins_corridor_straight, uniq_erica, uniq_maggie
Temple:   eino_wide_crystal_templ

Skill      XL: |  1  2  3  4  5  6  7  8 |
---------------+-------------------------+-----
Axes           | 3 |  3.2
Fighting       | 4 5 6 7 9 |  9.2
Polearms       | 2 4 5 6 8 11 | 11.5
Armour         | |  3.6
Shields        | |  3.6

Action                     |  1- 3 |  4- 6 |  7- 9 || total
---------------------------+-------+-------+-------++-------
  Melee: War axe           |    24 |       |       ||    24
         Headbutt          |    11 |    16 |    13 ||    40
         Bardiche          |    42 |   133 |   118 ||   293
  Evoke: Wand              |       |       |     2 ||     2
    Use: Potion            |       |     1 |    12 ||    13
   Stab: Invisible         |       |       |     1 ||     1
 Armour: Chain mail        |    58 |   105 |   116 ||   279
         Skin              |       |       |    45 ||    45
  Dodge: Dodged            |    29 |    59 |    50 ||   138
  Block: Buckler           |     5 |       |       ||     5
